TOP OF THE 1ST |
Rochester Red Wings batting - Pitching for Salt Lake Bees : LHP Nigel Turner
|
Pitching: LHP Nigel Turner
|
|
Batting: RHB Josh Zoglmann
|
0-0: Ball 1-0: Ball 2-0: Foul Ball, location: 2F 2-1: Called Strike 2-2: Foul Ball, location: 2F 2-2: Ground out 6-3 (Groundball, 6, EV 90.6 MPH)
|
Batting: RHB Brett Steele
|
0-0: Swinging Strike 0-1: Ball 1-1: Ball 2-1: Swinging Strike 2-2: Ground out 6-3 (Groundball, 6, EV 98.8 MPH)
|
Batting: LHB Matt Patnaude
|
0-0: Ball 1-0: Ball 2-0: Foul Ball, location: 2F 2-1: Foul Ball, location: 2F 2-2: Strikes out looking
|
Top of the 1st over - 0 runs, 0 hits, 0 errors, 0 left on base; Rochester 0 - Salt Lake 0 |
BOTTOM OF THE 1ST |
Salt Lake Bees batting - Pitching for Rochester Red Wings : RHP Hiromasa Kumasaka
|
Pitching: RHP Hiromasa Kumasaka
|
|
Batting: RHB Randy Grewe
|
0-0: Ball 1-0: Called Strike 1-1: Ball 2-1: Ground out 1-3 (Groundball, 15S, EV 68.8 MPH)
|
Batting: RHB Guillermo Mojica
|
0-0: Called Strike 0-1: Called Strike 0-2: Foul Ball, location: 2F 0-2: Strikes out swinging
|
Batting: RHB Bjoern Waltersson
|
0-0: Ball 1-0: Fly out, F9 (Flyball, 89S, EV 80.0 MPH)
|
Bottom of the 1st over - 0 runs, 0 hits, 0 errors, 0 left on base; Rochester 0 - Salt Lake 0 |
TOP OF THE 2ND |
Rochester Red Wings batting - Pitching for Salt Lake Bees : LHP Nigel Turner
|
Batting: RHB Aaron Trotman
|
0-0: Foul Ball, location: 2F 0-1: Ball 1-1: Foul Ball, location: 2F 1-2: Foul Ball, location: 2F 1-2: Strikes out swinging
|
Batting: RHB Joe Zimmerman
|
0-0: Foul Ball, location: 2F 0-1: Ball 1-1: Ball 2-1: Foul Ball, location: 2F 2-2: SINGLE (Groundball, 25, EV 72.5 MPH) (infield hit)
|
Batting: RHB Eric Narrow
|
0-0: Ball 1-0: DOUBLE (Line Drive, 78D, EV 110.0 MPH) Joe Zimmerman to third Runner from 3rd tries for Home, throw by CF and OUT! 8-6-2 Runner from 2nd tries for 3rd, throw by C and SAFE!
|
Batting: RHB Cesar Yega
|
0-0: Ball 1-0: Fly out, F8 (Flyball, 78M, EV 83.1 MPH)
|
Top of the 2nd over - 0 runs, 2 hits, 0 errors, 1 left on base; Rochester 0 - Salt Lake 0 |
BOTTOM OF THE 2ND |
Salt Lake Bees batting - Pitching for Rochester Red Wings : RHP Hiromasa Kumasaka
|
Batting: RHB Andres Mendiola
|
0-0: Called Strike 0-1: Ball 1-1: Ball 2-1: Swinging Strike 2-2: Ball 3-2: Foul Ball, location: 2F 3-2: Foul Ball, location: 2F 3-2: Ground out U3 (Groundball, 34S, EV 63.1 MPH)
|
Batting: LHB Vinny Carreno
|
0-0: Ball 1-0: Foul Ball, location: 2F 1-1: Foul Ball, location: 2F 1-2: Strikes out swinging
|
Batting: SHB Ivan Barry
|
0-0: Ball 1-0: Foul Ball, location: 2F 1-1: Fly out, F7 (Flyball, 7, EV 90.0 MPH)
|
Bottom of the 2nd over - 0 runs, 0 hits, 0 errors, 0 left on base; Rochester 0 - Salt Lake 0 |
TOP OF THE 3RD |
Rochester Red Wings batting - Pitching for Salt Lake Bees : LHP Nigel Turner
|
Batting: RHB Mario Taureda
|
0-0: Ball 1-0: Ground out 2-3 (Groundball, 15S, EV 74.4 MPH)
|
Batting: RHB Alvin Wiederhold
|
0-0: Ball 1-0: Fly out, F7 (Flyball, 7S, EV 91.9 MPH)
|
Batting: RHB Josh Zoglmann
|
0-0: Ball 1-0: Called Strike 1-1: Ball 2-1: Swinging Strike 2-2: Ground out 6-3 (Groundball, 56, EV 88.1 MPH)
|
Top of the 3rd over - 0 runs, 0 hits, 0 errors, 0 left on base; Rochester 0 - Salt Lake 0 |
BOTTOM OF THE 3RD |
Salt Lake Bees batting - Pitching for Rochester Red Wings : RHP Hiromasa Kumasaka
|
Batting: RHB Reginald McDougall
|
0-0: Called Strike 0-1: Swinging Strike 0-2: Strikes out swinging
|
Batting: LHB Barrfhionn O'Toole
|
0-0: Foul Ball, location: 2F 0-1: Foul Ball, location: 2F 0-2: Strikes out swinging
|
Batting: RHB Justin Noll
|
0-0: Ground out U3 (Groundball, 34S, EV 88.8 MPH)
|
Bottom of the 3rd over - 0 runs, 0 hits, 0 errors, 0 left on base; Rochester 0 - Salt Lake 0 |
TOP OF THE 4TH |
Rochester Red Wings batting - Pitching for Salt Lake Bees : LHP Nigel Turner
|
Batting: RHB Brett Steele
|
0-0: Ball 1-0: Called Strike 1-1: Foul Ball, location: 2F 1-2: Strikes out looking
|
Batting: LHB Matt Patnaude
|
0-0: Ball 1-0: Ground out 5-3 (Groundball, 56, EV 86.2 MPH)
|
Batting: RHB Aaron Trotman
|
0-0: Ball 1-0: Ball 2-0: Called Strike 2-1: Ball 3-1: Foul Ball, location: 2F 3-2: Ground out 6-3 (Groundball, 6, EV 91.2 MPH)
|
Top of the 4th over - 0 runs, 0 hits, 0 errors, 0 left on base; Rochester 0 - Salt Lake 0 |
BOTTOM OF THE 4TH |
Salt Lake Bees batting - Pitching for Rochester Red Wings : RHP Hiromasa Kumasaka
|
Batting: RHB Randy Grewe
|
0-0: SINGLE (Groundball, 4MD, EV 95.0 MPH)
|
Batting: RHB Guillermo Mojica
|
0-0: Foul Ball, location: 2F 0-1: Fielders Choice at 2nd, 3-6 (Groundball, 34S, EV 79.4 MPH)
|
Batting: RHB Bjoern Waltersson
|
0-0: Ball Guillermo Mojica steals 2nd base 1-0: Ball 2-0: Foul Ball, location: 2F 2-1: Ball 3-1: Swinging Strike 3-2: Fly out, F5 (Popup, 5SF, EV 67.5 MPH)
|
Batting: RHB Andres Mendiola
|
0-0: Ball 1-0: Swinging Strike 1-1: Foul Ball, location: 2F 1-2: Ball 2-2: 2-RUN HOME RUN (Flyball, 89XD, EV 109.4 MPH), Distance : 411 ft
|
Batting: LHB Vinny Carreno
|
0-0: Ball 1-0: Ball 2-0: Ball 3-0: Base on Balls
|
Pitching: RHP Harry Pratt
|
|
Batting: SHB Ivan Barry
|
0-0: Ball 1-0: Ground out 1-3 (Groundball, P, EV 73.1 MPH)
|
Bottom of the 4th over - 2 runs, 2 hits, 0 errors, 1 left on base; Rochester 0 - Salt Lake 2 |
TOP OF THE 5TH |
Rochester Red Wings batting - Pitching for Salt Lake Bees : LHP Nigel Turner
|
Batting: RHB Joe Zimmerman
|
0-0: Called Strike 0-1: Foul Ball, location: 2F 0-2: Fly out, F7 (Flyball, 78S, EV 94.4 MPH)
|
Batting: RHB Eric Narrow
|
0-0: Ball 1-0: Ground out 4-3 (Groundball, 34, EV 83.8 MPH)
|
Batting: RHB Cesar Yega
|
0-0: Called Strike 0-1: Ground out 6-3 (Groundball, 6, EV 103.8 MPH)
|
Top of the 5th over - 0 runs, 0 hits, 0 errors, 0 left on base; Rochester 0 - Salt Lake 2 |
BOTTOM OF THE 5TH |
Salt Lake Bees batting - Pitching for Rochester Red Wings : RHP Harry Pratt
|
Batting: RHB Reginald McDougall
|
0-0: Ball 1-0: Ground out 6-3 (Groundball, 6D, EV 88.1 MPH)
|
Now at 3B: Armando Rendon
|
|
Now at SS: Josh Zoglmann
|
|
Batting: LHB Barrfhionn O'Toole
|
0-0: Called Strike 0-1: Ball 1-1: Called Strike 1-2: Ball 2-2: DOUBLE (Line Drive, 7LM, EV 93.8 MPH)
|
Batting: RHB Justin Noll
|
0-0: Ball 1-0: Called Strike 1-1: Foul Ball, location: 2F 1-2: Ball 2-2: Foul Ball, location: 2F 2-2: Ground out 6-3 (Groundball, 6M, EV 87.5 MPH) Barrfhionn O'Toole to third
|
Batting: RHB Randy Grewe
|
0-0: Foul Ball, location: 2F 0-1: Ball 1-1: Ball 2-1: Foul Ball, location: 2F 2-2: Ball 3-2: Foul Ball, location: 2F 3-2: Strikes out swinging
|
Bottom of the 5th over - 0 runs, 1 hit, 0 errors, 1 left on base; Rochester 0 - Salt Lake 2 |
TOP OF THE 6TH |
Rochester Red Wings batting - Pitching for Salt Lake Bees : LHP Nigel Turner
|
Batting: RHB Mario Taureda
|
0-0: Called Strike 0-1: Ball 1-1: Fly out, F7 (Flyball, 7LM, EV 93.8 MPH)
|
Batting: LHB Armando Rendon
|
0-0: Ground out 6-3 (Groundball, 6, EV 86.2 MPH)
|
Batting: RHB Josh Zoglmann
|
0-0: Ball 1-0: Ball 2-0: Ball 3-0: Base on Balls
|
Batting: RHB Brett Steele
|
0-0: Ball Josh Zoglmann steals 2nd base 1-0: Swinging Strike 1-1: Foul Ball, location: 2F 1-2: Fly out, F9 (Flyball, 9S, EV 97.5 MPH)
|
Top of the 6th over - 0 runs, 0 hits, 0 errors, 1 left on base; Rochester 0 - Salt Lake 2 |
BOTTOM OF THE 6TH |
Salt Lake Bees batting - Pitching for Rochester Red Wings : RHP Harry Pratt
|
Batting: RHB Guillermo Mojica
|
0-0: Ball 1-0: Swinging Strike 1-1: Ball 2-1: Foul Ball, location: 2F 2-2: Ground out 5-3 (Groundball, 5, EV 84.4 MPH)
|
Batting: RHB Bjoern Waltersson
|
0-0: Ball 1-0: Ball 2-0: Ground out 5-3 (Groundball, 56, EV 91.9 MPH)
|
Batting: RHB Andres Mendiola
|
0-0: SINGLE (Groundball, 56D, EV 96.9 MPH)
|
Batting: LHB Vinny Carreno
|
0-0: Ball 1-0: Called Strike 1-1: Called Strike Andres Mendiola steals 2nd base 1-2: Ball 2-2: Foul Ball, location: 2F 2-2: Ground out 1-3 (Groundball, 15S, EV 67.5 MPH)
|
Bottom of the 6th over - 0 runs, 1 hit, 0 errors, 1 left on base; Rochester 0 - Salt Lake 2 |
TOP OF THE 7TH |
Rochester Red Wings batting - Pitching for Salt Lake Bees : LHP Nigel Turner
|
Batting: LHB Matt Patnaude
|
0-0: Ball 1-0: Ball 2-0: Ground out 4-3 (Groundball, 4, EV 85.6 MPH)
|
Batting: RHB Aaron Trotman
|
0-0: Ball 1-0: Swinging Strike 1-1: Foul Ball, location: 2F 1-2: Fly out, F8 (Line Drive, 8RM, EV 106.9 MPH)
|
Batting: RHB Joe Zimmerman
|
0-0: Ball 1-0: Foul Ball, location: 2F 1-1: Ball 2-1: Swinging Strike 2-2: Ball 3-2: Ground out 2-3 (Groundball, 2L, EV 60.0 MPH)
|
Top of the 7th over - 0 runs, 0 hits, 0 errors, 0 left on base; Rochester 0 - Salt Lake 2 |
BOTTOM OF THE 7TH |
Salt Lake Bees batting - Pitching for Rochester Red Wings : RHP Harry Pratt
|
Pitching: LHP Inkei Wakamatsu
|
|
Batting: SHB Ivan Barry
|
0-0: Called Strike 0-1: Ball 1-1: SINGLE (Flyball, 34D, EV 83.8 MPH)
|
Batting: RHB Reginald McDougall
|
0-0: Ball 1-0: Bunt missed! 1-1: Bunted foul 1-2: SINGLE (Groundball, 34, EV 95.0 MPH) Ivan Barry to second Runner from 2nd tries for 3rd, SAFE, throw by RF made to third Reginald McDougall to second
|
Batting: LHB Barrfhionn O'Toole
|
0-0: Called Strike 0-1: Foul Ball, location: 2F 0-2: Hit by Pitch
|
Batting: RHB Justin Noll
|
0-0: Fly out, F8 (Flyball, 8RXD, EV 100.0 MPH) Runner from 3rd tags up, SCORES, no throw by CF Reginald McDougall to third
|
Batting: RHB Randy Grewe
|
0-0: Foul Ball, location: 2F 0-1: Ball 1-1: Ball 2-1: Ball 3-1: Base on Balls Barrfhionn O'Toole to second
|
Batting: RHB Guillermo Mojica
|
0-0: Ball 1-0: Foul Ball, location: 2F 1-1: DOUBLE (Line Drive, 89XD, EV 103.8 MPH) Reginald McDougall scores Barrfhionn O'Toole scores Randy Grewe to third
|
Pitching: RHP Tomas Vargas
|
|
Batting: RHB Bjoern Waltersson
|
0-0: Ball 1-0: Ball 2-0: Ball 3-0: Base on Balls
|
Batting: RHB Andres Mendiola
|
0-0: Fly out, F8 (Flyball, 89D, EV 92.5 MPH) Runner from 3rd tags up, OUT at HOME! 8-2
|
Bottom of the 7th over - 3 runs, 3 hits, 0 errors, 2 left on base; Rochester 0 - Salt Lake 5 |
TOP OF THE 8TH |
Rochester Red Wings batting - Pitching for Salt Lake Bees : LHP Nigel Turner
|
Batting: RHB Eric Narrow
|
0-0: Fly out, F9 (Line Drive, 9D, EV 93.1 MPH)
|
Batting: RHB Cesar Yega
|
0-0: Ball 1-0: Swinging Strike 1-1: Ground out 5-3 (Groundball, 56, EV 86.9 MPH)
|
Batting: RHB Mario Taureda
|
0-0: Ball 1-0: Ground out 6-3 (Groundball, 6, EV 86.9 MPH)
|
Top of the 8th over - 0 runs, 0 hits, 0 errors, 0 left on base; Rochester 0 - Salt Lake 5 |
BOTTOM OF THE 8TH |
Salt Lake Bees batting - Pitching for Rochester Red Wings : RHP Tomas Vargas
|
Batting: LHB Vinny Carreno
|
0-0: Ground out 5-3 (Groundball, 5, EV 79.4 MPH)
|
Batting: SHB Ivan Barry
|
0-0: Called Strike 0-1: Ball 1-1: Ball 2-1: Foul Ball, location: 2F 2-2: Foul Ball, location: 2F 2-2: Ball 3-2: Ground out U3 (Groundball, 34, EV 86.9 MPH)
|
Batting: RHB Reginald McDougall
|
0-0: Called Strike 0-1: Called Strike 0-2: Ball 1-2: Strikes out swinging
|
Bottom of the 8th over - 0 runs, 0 hits, 0 errors, 0 left on base; Rochester 0 - Salt Lake 5 |
TOP OF THE 9TH |
Rochester Red Wings batting - Pitching for Salt Lake Bees : LHP Nigel Turner
|
Batting: LHB Armando Rendon
|
0-0: Ground out U3 (Groundball, 34, EV 80.6 MPH)
|
Batting: RHB Josh Zoglmann
|
0-0: Ground out 6-3 (Groundball, 6, EV 80.0 MPH)
|
Batting: RHB Brett Steele
|
0-0: Ball 1-0: Ball 2-0: Ground out U3 (Groundball, 34S, EV 89.4 MPH)
|
Top of the 9th over - 0 runs, 0 hits, 0 errors, 0 left on base; Rochester 0 - Salt Lake 5 |
|